 Dungeon Sprint DCSS version 0.29.1-15-g9cfb28693d (webtiles) character file.

Game seed: 12482921776635399655

112 LynnLen the Sneak (level 4, -2/23 HPs)
             Began as a Spriggan Enchanter on Aug 11, 2023.
             Killed from afar by Sigmund (10 damage)
             ... with a puff of flame
             ... in the Dungeon (Sprint I: "Red Sonja").
             The game lasted 00:00:49 (106 turns).

LynnLen the Sneak (Spriggan Enchanter)               Turns: 106, Time: 00:00:50

Health: -2/23      AC:  2    Str:  6    XL:     4   Next: 64%
Magic:  13/13      EV: 19    Int: 16    God:
Gold:   0          SH:  0    Dex: 15    Spells: 15/15 levels left

rFire   . . .      SeeInvis +   a - +1 dagger
rCold   . . .      Faith    .   (no shield)
rNeg    . . .      Spirit   .   b - +0 robe
rPois   .          Reflect  .   (helmet restricted)
rElec   .          Harm     .   (no cloak)
rCorr   .          Rampage  .   (gloves unavailable)
Will    .....      NoTele   +   (boots unavailable)
Stlth   +++.......              (no amulet)
HPRegen 0.07/turn               (no ring)
MPRegen 0.13/turn               (no ring)

@: very quick
A: very small, no large weapons, unfitting armour, see invisible, speed 3
a: no special abilities


You were in the Dungeon.
You visited 1 branch

Inventory:

Hand Weapons
 a - a +1 dagger (weapon)
Armour
 b - a +0 robe (worn)
Wands
 j - a wand of iceblast (4)
Scrolls
 i - a scroll of blinking
Potions
 c - a potion of invisibility
 d - a potion of curing
 e - a potion of heal wounds
 f - a potion of haste
 g - 2 potions of magic
 h - a potion of berserk rage


   Skills:
 + Level 2.3 Fighting
 + Level 3.5 Short Blades
 + Level 5.0 Dodging
 + Level 6.7 Stealth
 * Level 6.1 Spellcasting
 * Level 6.6 Hexes


You had 15 spell levels left.
You didn't know any spells.
Your spell library contained the following spells:

 Spells                   Type           Power      Damage    Failure   Level
 Confusing Touch          Hex            26%        N/A       2%          3
 Tukima's Dance           Hex            26%        N/A       2%          3
 Ensorcelled Hibernation  Hex/Ice        30%        N/A       5%          2
 Dazzling Flash           Conj/Hex       30%        N/A       11%         3


Dungeon Overview and Level Annotations

Branches:
Dungeon (1/1)

Altars:

Annotations:
D Sigmund


Innate Abilities, Weirdness & Mutations

You are very small and have problems with some larger weapons.
You are too small for most types of armour.
You have supernaturally acute eyesight. (SInv)
You cover ground extremely quickly. (Speed+++)


Message History

Sigmund shouts!
Sigmund barely misses you.
You hit Sigmund.
Sigmund is lightly wounded.
You hit Sigmund.
Sigmund is lightly wounded.
Sigmund gestures at you while chanting.
You are confused.
You hit Sigmund but do no damage.
Sigmund is lightly wounded.
Sigmund drinks a potion.
Sigmund's spells are empowered!
There is an open door here.
You're too confused to move!
Sigmund barely misses you.
Unknown command.
Sigmund mumbles some strange words.
Sigmund flickers and vanishes for a moment.
There is an open door here.
Sigmund points at you and mumbles some strange words.
The puff of flame misses you.
You see here a +0 giant club.
You bump into the stone wall.
You feel less confused. Sigmund gestures at you while chanting.
The puff of flame hits you!
You see here a +0 giant club.
There is an open door here.
You barely miss Sigmund.
Sigmund is lightly wounded.
Sigmund gestures at you while chanting. The magic dart hits you.
You hit Sigmund but do no damage.
Sigmund is lightly wounded.
Sigmund completely misses you.
You barely miss Sigmund.
Sigmund is lightly wounded.
You hit Sigmund.
Sigmund is lightly wounded.
Sigmund points at you and mumbles some strange words.
The puff of flame hits you!
You die...

#############
#<.#.)'.)#@.+
#..'..#..@..#
#..#####+####
#..# #..#
#..# #⌠⌠#
####


You could see Sigmund (empowered, invisible).

Vanquished Creatures
  An ogre (D)
  Ijyb (D)
2 creatures vanquished.

Notes
Turn   | Place    | Note
-------+----------+-------------------------------------------
     0 | D        | LynnLen the Spriggan Enchanter began the quest for the Orb.
     0 | D        | Reached XP level 1. HP: 9/9 MP: 5/5
     3 | D        | Noticed Ijyb
     9 | D        | Killed Ijyb
    10 | D        | Reached skill level 1 in Fighting
    10 | D        | Reached skill level 5 in Stealth
    10 | D        | Reached skill level 5 in Hexes
    10 | D        | Reached XP level 2. HP: 11/14 MP: 6/8
    13 | D        | Noticed an ogre
    30 | D        | Killed an ogre
    31 | D        | Reached skill level 5 in Dodging
    31 | D        | Reached XP level 3. HP: 16/19 MP: 7/11
    31 | D        | Reached XP level 4. HP: 19/23 MP: 8/13
    86 | D        | Noticed Sigmund
   106 | D        | Killed from afar by Sigmund

Illustrated notes

Levels and vault maps discovered:
D:        dungeon_sprint_1 [red_sonja_temple_1, red_sonja_temple_small_1]

Skill      XL: |  1  2 |
---------------+-------+-----
Fighting       | 1 2 |  2.3
Short Blades   | 2 3 |  3.5
Dodging        | 3 5 |  5.0
Stealth        | 5 6 |  6.7
Spellcasting   | 4 6 |  6.1
Hexes          | 5 6 |  6.6

Action                   |  1- 3 |  4- 6 || total
-------------------------+-------+-------++-------
Melee: Dagger            |    20 |     7 ||    27
       Punch             |     2 |       ||     2
  Use: Potion            |     1 |       ||     1
 Stab: Invisible         |     2 |       ||     2
       Sleeping          |     1 |       ||     1
Dodge: Dodged            |    10 |     4 ||    14
